 Dungeon Crawl Stone Soup version 0.21-a0-2-ge494091 (webtiles) character file.

69452 JNO the Fighter (level 14, -16/127 HPs)
             Began as a Minotaur Monk on May 11, 2017.
             Was the Champion of Yredelemnul.
             Demolished by a profane servitor
             ... wielding a +3 whip
             ... created by the player character
              (20 damage)
             ... on level 2 of the Spider Nest on May 23, 2017.
             The game lasted 02:25:40 (22379 turns).

JNO the Fighter (Minotaur Monk)                    Turns: 22379, Time: 02:25:41

Health: -16/127    AC: 17    Str: 19    XL:     14   Next: 90%
Magic:  6/6        EV: 10    Int:  7    God:    Yredelemnul [******]
Gold:   1599       SH:  8    Dex: 13    Spells: 13/13 levels left

rFire    + + .     SeeInvis .   W - +9 war axe of Bepahane {antimagic, rF+ rC++}
rCold    + + +     Gourm    .   K - +2 buckler
rNeg     . . .     Faith    .   Y - +2 plate armour {rPois}
rPois    +         Spirit   .   (helmet restricted)
rElec    .         Reflect  .   F - scarf {rC+ rF+}
rCorr    .         Harm     .   (no gloves)
MR       +....                  (no boots)
Stlth    ..........             o - amulet of magic regeneration
Regen    0.4/turn               t - +3 ring of slaying
MPRegen  0.2/turn               (no ring)

@: lethally poisoned (-16 -> -16), wreathed by umbra, drained
A: retaliatory headbutt, horns 2, clumsy 1
a: Recall Undead Slaves, Injury Mirror, Animate Dead, Drain Life, Enslave Soul,
Renounce Religion


You were on level 2 of the Spider Nest.
You worshipped Yredelemnul.
Yredelemnul was exalted by your worship.
You were not hungry.

You visited 5 branches of the dungeon, and saw 22 of its levels.

You collected 1985 gold pieces.
You spent 386 gold pieces at shops.

Inventory:

Hand Weapons
 u - a +3 whip of freezing
 y - a +0 hand crossbow
 W - the +9 war axe of Bepahane (weapon) {antimagic, rF+ rC++}
   (You found it on level 2 of the Lair of Beasts)

   It reduces the magical energy of the wielder, and disrupts the spells and
   magical abilities of those hit.
   Natural abilities and divine invocations are not affected.
   It protects you from fire.
   It greatly protects you from cold.
Missiles
 e - 687 stones (quivered)
 O - 339 bolts
Armour
 x - the +0 pair of gloves "Kigo" {rN+ rCorr Str+3}
   (You bought it in a shop on level 2 of the Orcish Mines)

   It affects your strength (+3).
   It protects you from negative energy.
   It protects you from acid and corrosion.
 F - a scarf of resistance (worn)
 K - a +2 buckler (worn)
 Y - a +2 plate armour of poison resistance (worn)
Jewellery
 b - an uncursed ring of positive energy
 o - an amulet of magic regeneration (around neck)
 t - a +3 ring of slaying (left hand)
 Q - the ring of the Imp {-Tele rPois Str+3 Dex+4}
   (You found it on level 10 of the Dungeon)

   [ring of strength]

   It affects your strength (+3).
   It affects your dexterity (+4).
   It protects you from poison.
   It prevents most forms of teleportation.
Wands
 i - a wand of digging (13/24)
 v - a wand of disintegration (15/24)
 z - a wand of lightning (1/15)
 A - a wand of acid (9/15)
 D - a wand of acid (5/15)
 N - a wand of confusion (26/48)
 T - a wand of polymorph (12/24)
Scrolls
 a - 2 scrolls of brand weapon {unknown}
 h - 3 scrolls of amnesia
 j - 2 scrolls of noise {unknown}
 k - 4 scrolls of blinking
 m - 2 scrolls of summoning {unknown}
 n - 2 scrolls of teleportation
 q - a scroll of holy word {unknown}
 s - a scroll of immolation
 B - 3 scrolls of magic mapping
 E - 9 scrolls of remove curse
 L - 4 scrolls of identify
 M - 3 scrolls of fear {unknown}
 P - 5 scrolls of recharging
 R - 3 scrolls of enchant weapon
Potions
 p - 2 potions of cancellation
 r - 2 potions of flight
 S - a potion of might
 X - a potion of agility {unknown}
 Z - a potion of berserk rage
Books
 g - a book of Debilitation

   Spells                             Type                      Level
   a - Corona                         Hexes                        1
   b - Slow                           Hexes                        2
   c - Inner Flame                    Hexes/Fire                   3
   d - Portal Projectile              Hexes/Translocation          3
   e - Cause Fear                     Hexes                        4
   f - Leda's Liquefaction            Hexes/Earth                  4
 w - a book of Misfortune

   Spells                             Type                      Level
   a - Confusing Touch                Hexes                        1
   b - Confuse                        Hexes                        3
   c - Gell's Gravitas                Translocation                3
   d - Petrify                        Transmutation/Earth          4
   e - Metabolic Englaciation         Hexes/Ice                    5
   f - Yara's Violent Unravelling     Hexes/Transmutation          5
Miscellaneous
 f - a phial of floods
Comestibles
 c - 10 bread rations
 l - 11 royal jellies
 H - 5 meat rations


   Skills:
 + Level 12.9(12.5) Fighting
 + Level 11.2(12.5) Axes
 - Level 10.7(12.3) Maces & Flails
 - Level 5.0(4.7) Throwing
 - Level 12.6(12.3) Armour
 - Level 9.3(8.9) Dodging
 - Level 1.5(1.3) Stealth
 + Level 8.2(7.9) Shields
 - Level 10.1(9.8) Invocations
 + Level 9.4(9.1) Evocations


You had 13 spell levels left.
You didn't know any spells.

Dungeon Overview and Level Annotations

Branches:
Dungeon (11/15)            Temple (1/1) D:5            Lair (6/6) D:11
 Shoals (0/4) Lair:2       Spider (2/4) Lair:2        Slime (0/5) Lair:6
    Orc (2/2) D:10            Elf (0/3) Orc:2

Altars:
Ashenzari
Cheibriados
Dithmenos
Elyvilon
Fedhas
Gozag
Hepliaklqana
Kikubaaqudgha
Makhleb
Nemelex Xobeh
Okawaru
Qazlal
Ru
Sif Muna
Trog
Uskayaw
Vehumet
Wu Jian
Xom
Yredelemnul
Zin
The Shining One

Shops:
D:7 :   Orc:2 [[*?

Annotations:
D:4 Menkaure
Spider:1 exclusion: electric eel


Innate Abilities, Weirdness & Mutations

You reflexively headbutt those who attack you in melee.
You have a pair of horns on your head.
You are clumsy. (Dex -2)


Message History

The profane servitor hits you but does no damage.
You miss the profane servitor.
The profane servitor is moderately damaged.
The profane servitor completely misses you.
You furiously retaliate!
You headbutt the profane servitor.
The profane servitor hits you with an enchanted whip.
* * * LOW HITPOINT WARNING * * *
You feel drained.
* * * LOW HITPOINT WARNING * * *
Your ghoul claws the profane servitor but does no damage.
Your ghoul claws the profane servitor!
Take off which item? (? for menu, Esc to quit)
Okay, then.
Remove which piece of jewellery? (? for menu, Esc to quit)
You remove the ring of the Imp {-Tele rPois Str+3 Dex+4}.
You feel weaker.
You feel sick.
The profane servitor hits you with an enchanted whip!!
You die...
Your body rises from the dead as a mindless zombie.

.#...#.........z#........##
##...#.##.................#
.....###........)...##..###
^...## ##............##.^#
###..# ##............#..#
####.# ##...##......##.#
#..### #####...########
...# ##^##...# .^####
#...#.@.# ####.# #...#.A.#
.##.^######...##n##
###...##.....†#zz^#
#.#...#[^...))).).+
.....###.....^#...#
....########+###8##
...##....# )†$^ .###.....#
s$[...


You could see a profane servitor, a friendly ghoul and 2 friendly skeletal
warriors.

Vanquished Creatures
  2 entropy weavers
  A hydra (Lair:6)
  A catoblepas (Lair:4)
  2 death yaks (Lair:5)
  2 two-headed ogres (D:9)
  A lindwurm (Lair:2)
  The ghost of buskinjo the Quickloader, a novice KoHu (D:6)
  An orc knight (Orc:2)
  Pikel (D:4)
  2 orc sorcerers
  4 wolf spiders
  An ugly thing (D:11)
  A manticore (D:11)
  A moth of wrath (Spider:1)
  2 black mambas
  A torpor snail (Spider:1)
  6 spiny frogs
  3 rime drakes
  2 demonic crawlers
  4 komodo dragons
  A kobold demonologist (D:11)
  A troll (Orc:2)
  4 polar bears (Lair:6)
  2 jumping spiders (Spider:1)
  10 hornets
  7 blink frogs
  2 hippogriffs
  Sigmund (D:6)
  10 spriggans (Lair:6)
  12 redbacks
  11 tarantellas
  25 yaks
  2 wargs
  12 water moccasins
  4 porcupines
  A swamp drake (D:10)
  6 orc warriors
  3 slaves (D:4)
  An ice beast (D:5)
  A phantom (D:8)
  A necrophage (D:4)
  6 black bears
  8 ogres
  2 boggarts (Lair:6)
  4 centaurs
  12 crocodiles
  25 wolves
  10 bullfrogs
  8 killer bees
  A howler monkey (D:6)
  3 crimson imps
  A quasit (D:7)
  A jelly (D:11)
  A bullfrog skeleton (D:5)
  15 orc wizards
  7 orc priests
  A centaur skeleton (D:8)
  Ijyb (D:3)
  4 hell rats (Lair:2)
  5 iguanas
  Natasha (thrice) (D:2)
  13 worker ants
  2 hound skeletons (D:8)
  11 gnolls
  14 adders
  3 shadow imps (D:5)
  2 oozes
  2 adder zombies
  2 worms
  5 dart slugs
  5 leopard geckos
  52 orcs
  14 bats
  15 giant cockroaches
  8 goblins
  5 hobgoblins
  7 jackals
  2 quokkas
  3 ball pythons
  A ball python skeleton (D:5)
  6 frilled lizards
  9 kobolds
  10 rats
  A fungus (Lair:4)
466 creatures vanquished.

Vanquished Creatures (collateral kills)
  A bone dragon (Spider:2)
  A profane servitor (Spider:2)
  A ghost moth (Spider:2)
  An emperor scorpion (Spider:2)
  An ettin (Orc:2)
  2 hydras (Lair:6)
  2 two-headed ogres
  The ghost of Wiebster667 the Frost Mage, a journeyman HuIE of Sif Muna (Lair:1)
  5 death yaks
  4 dancing weapons (Spider:2)
  A lindwurm (Lair:2)
  2 orc knights (Orc:2)
  5 orb spiders
  7 wolf spiders
  2 ugly things (D:11)
  3 orc sorcerers (Orc:1)
  3 cyclopes (D:11)
  A merfolk siren (Lair:2)
  3 elephants (Lair:4)
  Maurice (Orc:2)
  5 torpor snails
  A black mamba (Lair:1)
  5 spiny frogs
  A rime drake (Lair:6)
  4 komodo dragons
  5 demonic crawlers
  6 jumping spiders (Spider:2)
  3 hornets
  2 polar bears (Lair:6)
  7 hippogriffs
  5 blink frogs
  3 spriggans (Lair:6)
  23 redbacks
  16 tarantellas
  A wyvern (Lair:4)
  A wraith (D:11)
  26 yaks
  3 basilisks
  2 wargs (Orc:2)
  3 water moccasins
  7 porcupines
  30 orc warriors
  5 black bears
  An ice beast (D:8)
  15 wolves
  A phantom (D:9)
  5 ogres
  2 boggarts (Lair:6)
  8 centaurs
  2 big kobolds
  5 crocodiles
  5 bullfrogs
  A scorpion (D:5)
  3 killer bees (D:9)
  2 electric eels (Spider:1)
  A bullfrog skeleton (D:11)
  2 jellies
  A crimson imp (D:10)
  A gnoll shaman (D:8)
  2 quasits
  A bullfrog zombie (D:11)
  A centaur skeleton (D:8)
  2 orc priests
  7 orc wizards
  An iguana (D:8)
  A hell rat (Lair:2)
  4 worker ants
  An adder zombie (D:9)
  41 orcs
  3 kobolds
  29 fungi
  10 plants
369 creatures vanquished.

Vanquished Creatures (others)
  A vampire knight (Spider:2)
  A wolf spider zombie (Spider:1)
  3 phantasmal warriors
  A wizard (D:5)
  5 flying skulls
  3 vampires
  3 wraiths
  A hornet zombie (Lair:2)
  A rime drake zombie (Lair:4)
  A cyclops zombie (D:11)
  2 wights
  3 centaur zombies
  A black bear zombie (D:9)
  An orc wizard (D:10)
  A human zombie (Orc:2)
  2 killer bee zombies (D:8)
  2 ogre zombies (Orc:2)
  A crocodile zombie (Lair:2)
  A crocodile skeleton (Lair:2)
  An iguana zombie (D:7)
  A quokka (D:4)
  A frilled lizard zombie (D:5)
  A kobold zombie (D:7)
  A leopard gecko zombie (D:7)
  18 orc zombies
  23 fungi
  11 plants
91 creatures vanquished.

Grand Total: 926 creatures vanquished

Notes
Turn   | Place    | Note
-------+----------+-------------------------------------------
     0 | D:1      | JNO the Minotaur Monk began the quest for the Orb.
     0 | D:1      | Reached XP level 1. HP: 19/19 MP: 0/0
   267 | D:1      | Reached XP level 2. HP: 23/26 MP: 1/1
   897 | D:1      | Reached XP level 3. HP: 32/33 MP: 2/2
   965 | D:2      | Reached skill level 5 in Maces & Flails
  1003 | D:2      | Noticed Natasha
  1010 | D:2      | Reached skill level 1 in Armour
  1129 | D:2      | Found a snail-covered altar of Cheibriados.
  1172 | D:2      | Killed Natasha
  1172 | D:2      | Reached XP level 4. HP: 38/40 MP: 3/3
  1219 | D:2      | Noticed Natasha
  1238 | D:2      | Killed Natasha
  1435 | D:2      | Reached XP level 5. HP: 47/47 MP: 4/4
  1438 | D:2      | Found a shattered altar of Ashenzari.
  1559 | D:2      | Noticed Natasha
  1564 | D:2      | Killed Natasha
  2442 | D:3      | Reached skill level 5 in Fighting
  2520 | D:3      | Noticed Ijyb
  2553 | D:3      | Killed Ijyb
  2772 | D:3      | Reached XP level 6. HP: 56/56 MP: 5/5
  3011 | D:4      | Found a shadowy altar of Dithmenos.
  3117 | D:4      | Noticed Menkaure
  3451 | D:4      | Noticed a slave
  3452 | D:4      | Noticed a slave
  3471 | D:4      | Killed a slave
  3481 | D:4      | Killed a slave
  3543 | D:4      | Found a white marble altar of Elyvilon.
  3610 | D:4      | Noticed a slave
  3614 | D:4      | Noticed a slave
  3635 | D:4      | Killed a slave
  3843 | D:4      | Noticed Pikel
  3873 | D:4      | Killed Pikel
  3873 | D:4      | Reached skill level 5 in Armour
  3873 | D:4      | Reached XP level 7. HP: 32/64 MP: 6/6
  4139 | D:5      | Entered Level 5 of the Dungeon
  4263 | D:5      | Found a staircase to the Ecumenical Temple.
  4284 | D:5      | Reached XP level 8. HP: 58/73 MP: 7/7
  4335 | D:5      | Reached skill level 1 in Throwing
  4338 | Temple   | Entered the Ecumenical Temple
  4647 | Temple   | Became a worshipper of Yredelemnul the Dark
  4647 | Temple   | Reached * piety under Yredelemnul
  4647 | Temple   | Reached ** piety under Yredelemnul
  4705 | D:5      | Found a hide-covered altar of Uskayaw.
  4983 | D:5      | Reached skill level 1 in Invocations
  5005 | D:5      | Found a bloodstained altar of Trog.
  5006 | D:5      | Noticed a wizard
  5011 | D:5      | Killed a wizard
  5927 | D:6      | Noticed buskinjo's ghost (novice KoHu)
  5963 | D:6      | Killed buskinjo's ghost
  5963 | D:6      | Reached skill level 5 in Dodging
  5963 | D:6      | Reached XP level 9. HP: 47/79 MP: 9/11
  6103 | D:6      | Noticed Sigmund
  6836 | D:6      | Killed Sigmund
  7085 | D:7      | Reached skill level 5 in Throwing
  7085 | D:7      | Reached skill level 5 in Invocations
  7319 | D:7      | Reached *** piety under Yredelemnul
  7440 | D:7      | Reached skill level 1 in Evocations
  7490 | D:7      | Found Imninoil's Book Shoppe.
  8189 | D:8      | Reached XP level 10. HP: 46/88 MP: 12/12
  8361 | D:8      | Received a gift from Yredelemnul (a wight)
  8585 | D:8      | Found an ancient bone altar of Kikubaaqudgha.
  8717 | D:9      | Upgraded the game from 0.20-a0-1122-gb7cbeb9 to 0.21-a0-2-ge494091
  8989 | D:9      | Noticed a two-headed ogre
  8999 | D:9      | Killed a two-headed ogre
  9217 | D:9      | Reached **** piety under Yredelemnul
  9341 | D:9      | Noticed a two-headed ogre
  9423 | D:9      | Received a gift from Yredelemnul (3 flying skulls)
  9474 | D:9      | Killed a two-headed ogre
  9767 | D:9      | Found a sacrificial altar of Ru.
  9927 | D:10     | Entered Level 10 of the Dungeon
 10216 | D:10     | Got a vibrating platinum ring
 10217 | D:10     | Identified the ring of the Imp {-Tele rPois Str+3 Dex+4} (You found it on level 10 of the Dungeon)
 10366 | D:10     | Found a staircase to the Orcish Mines.
 10542 | D:11     | Noticed a cyclops
 10542 | D:11     | Noticed a cyclops
 10545 | D:11     | Killed a cyclops
 10550 | D:11     | Killed a cyclops
 10608 | D:11     | Reached XP level 11. HP: 94/97 MP: 13/13
 11108 | D:11     | Noticed a two-headed ogre
 11120 | D:11     | Killed a two-headed ogre
 11236 | D:11     | Noticed a green ugly thing
 11242 | D:11     | Received a gift from Yredelemnul (a wraith)
 11299 | D:11     | Killed a green ugly thing
 11399 | D:11     | Received a gift from Yredelemnul (a wraith)
 11536 | D:11     | Found a staircase to the Lair.
 11731 | D:11     | Reached skill level 5 in Evocations
 11735 | D:11     | Noticed a green ugly thing
 11737 | D:11     | Noticed a green ugly thing
 11744 | D:11     | Killed a green ugly thing
 11748 | D:11     | Killed a green ugly thing
 11748 | D:11     | Reached skill level 10 in Fighting
 11750 | D:11     | Found an opulent altar of Gozag.
 11911 | Lair:1   | Entered Level 1 of the Lair of Beasts
 11949 | Lair:1   | Noticed Wiebster667's ghost (journeyman HuIE)
 11968 | Lair:1   | Killed Wiebster667's ghost
 12327 | Lair:1   | Reached skill level 10 in Maces & Flails
 12537 | Lair:1   | Reached skill level 10 in Armour
 12563 | Lair:1   | Received a gift from Yredelemnul (a vampire)
 12942 | Lair:2   | Reached ***** piety under Yredelemnul
 13068 | Lair:2   | Reached XP level 12. HP: 106/106 MP: 16/16
 13069 | Lair:2   | Received a gift from Yredelemnul (a wight)
 13375 | Lair:2   | Got a jewelled war axe
 13485 | Lair:2   | Received a gift from Yredelemnul (a vampire)
 13579 | Lair:2   | Identified the +9 war axe of Bepahane {antimagic, rF+ rC++} (You found it on level 2 of the Lair of Beasts)
 13779 | Lair:2   | Noticed a death yak
 13788 | Lair:2   | Reached skill level 1 in Axes
 13788 | Lair:2   | Killed a death yak
 14066 | Lair:2   | Found a staircase to the Shoals.
 14087 | Lair:2   | Found a hole to the Spider Nest.
 14600 | Lair:3   | Received a gift from Yredelemnul (a phantasmal warrior)
 15652 | Lair:4   | Reached skill level 5 in Axes
 15691 | Lair:4   | Reached XP level 13. HP: 91/113 MP: 6/18
 15692 | Lair:4   | Received a gift from Yredelemnul (2 flying skulls)
 16712 | Lair:5   | Received a gift from Yredelemnul (a wraith)
 17132 | Lair:5   | Got a crude ring mail
 17133 | Lair:5   | Identified the cursed +0 ring mail of Trial and Error {rF+ rN++} (You found it on level 5 of the Lair of Beasts)
 17299 | Lair:6   | Entered Level 6 of the Lair of Beasts
 17522 | Lair:6   | Found a staircase to the Slime Pits.
 17712 | Lair:6   | Reached skill level 10 in Invocations
 17781 | Lair:6   | Received a gift from Yredelemnul (a skeletal warrior)
 17882 | Lair:6   | Received a gift from Yredelemnul (a phantasmal warrior)
 17886 | Lair:6   | Reached skill level 1 in Shields
 18126 | Lair:6   | Reached ****** piety under Yredelemnul
 18126 | Lair:6   | Received a gift from Yredelemnul (a vampire)
 18559 | Lair:4   | Received a gift from Yredelemnul (a vampire knight)
 18801 | Orc:1    | Entered Level 1 of the Orcish Mines
 19086 | Orc:1    | Received a gift from Yredelemnul (a phantasmal warrior)
 19086 | Orc:1    | Received a gift from Yredelemnul (a skeletal warrior)
 19253 | Orc:1    | Reached XP level 14. HP: 122/122 MP: 6/20
 19380 | Orc:2    | Entered Level 2 of the Orcish Mines
 19380 | Orc:2    | Noticed Maurice
 19400 | Orc:2    | Killed Maurice
 19430 | Orc:2    | Your ally Maurice died
 19508 | Orc:2    | Found Miuzeps's Armour Boutique.
 19508 | Orc:2    | Found Zefy's Assorted Antiques.
 19510 | Orc:2    | Found Bamoprox's Magic Scroll Shoppe.
 19512 | Orc:2    | Found Umemob's Armour Shop.
 19785 | Orc:2    | Bought the +0 pair of gloves "Kigo" {rN+ rCorr Str+3} for 386 gold pieces
 19816 | Orc:2    | Received a gift from Yredelemnul (a bone dragon)
 19924 | Orc:2    | Found a staircase to the Elven Halls.
 19963 | Orc:2    | Reached skill level 5 in Shields
 20485 | Spider:1 | Entered Level 1 of the Spider Nest
 20512 | Spider:1 | Received a gift from Yredelemnul (a ghoul)
 20794 | Spider:1 | Noticed an entropy weaver
 20800 | Spider:1 | Killed an entropy weaver
 20983 | Spider:1 | Reached skill level 10 in Axes
 21400 | Spider:2 | Noticed an entropy weaver
 21403 | Spider:2 | Noticed an emperor scorpion
 21403 | Spider:2 | Gained mutation: You are clumsy. (Dex -2) [the power of Zot]
 21408 | Spider:2 | Received a gift from Yredelemnul (a profane servitor)
 21410 | Spider:2 | Killed an entropy weaver
 21414 | Spider:2 | Killed an emperor scorpion
 21464 | Spider:2 | Received a gift from Yredelemnul (a profane servitor)
 21895 | Spider:2 | Found a runed door.
 21994 | Spider:2 | Killed a ghost moth
 22357 | Spider:2 | Killed a bone dragon
 22366 | Spider:2 | Killed a profane servitor
 22378 | Spider:2 | HP: 6/127 [profane servitor/enchanted whip[the player character] (5)]
 22379 | Spider:2 | Demolished by a profane servitor

Vault maps used:
D:1:      dpeg_arrival_shelter
D:2:      evilmike_ruin_ashenzari, kennysheep_slug_shrine, first_bread,
          serial_bayou_ford_a, uniq_natasha
D:3:      minmay_roachtagon, minmay_surrounded, uniq_ijyb,
          uniq_crazy_yiuf_cottage
D:4:      nicolae_dithmenos_the_darkroom, elyvilon_altar_4, uniq_menkaure,
          uniq_pikel
D:5:      kennysheep_mini, temple_pool_b, trog_wizard
D:6:      uniq_sigmund
D:7:      serial_shops, shop, minmay_misc_feat_ornament
D:8:      nicolae_overflow_crystal_walls
D:9:      nicolae_ru_awakened_eye
D:10:     erik_orc_1
D:11:     due_lair_maze_entry_diamond, basic_altar
Temple:   regret_index_temple_generic_petals
Lair:2:   cheibrodos_lair_overgrown_chateau, minmay_shoals_entry_lonely_mermaid,
          spider_nest_entry_web_field, infiniplex_staircase_pool_2
Lair:3:   serial_bayou_pond_d
Lair:4:   grunt_megastairs_4
Lair:6:   minmay_lair_end_enchanted_forest, slime_dummy
Spider:2: cheibrodos_spider_deadly_dance
Orc:1:    guppyfry_library_mini
Orc:2:    st_orc_rangers, uniq_maurice

Skill      XL: |  1  2  3  4  5  6  7  8  9 10 11 12 13 14 |
---------------+-------------------------------------------+-----
Maces & Flails | 4 5 6 7 8 9 10 | 10.7
Fighting       | 4 5 6 7 9 10 12 | 12.9
Armour         | 1 2 3 5 6 8 10 11 12 | 12.6
Throwing       | 4 5 |  5.0
Invocations    | 4 5 7 9 10 | 10.1
Dodging        | 5 7 8 9 |  9.3
Evocations     | 2 4 6 8 9 |  9.4
Axes           | 5 8 11 | 11.2
Shields        | 3 8 |  8.2
Stealth        | |  1.5

Action                   |  1- 3 |  4- 6 |  7- 9 | 10-12 | 13-15 || total
-------------------------+-------+-------+-------+-------+-------++-------
Melee: Mace              |    73 |   167 |       |       |       ||   240
       Headbutt          |     6 |    41 |    80 |   181 |   128 ||   436
       Whip              |       |    70 |   337 |   414 |    10 ||   831
       Dire flail        |       |       |       |    23 |       ||    23
       War axe           |       |       |       |   137 |   396 ||   533
 Fire: Hand crossbow     |       |       |       |       |     2 ||     2
Throw: Stone             |       |     2 |    25 |     3 |     2 ||    32
Invok: Animate Remains   |       |       |     8 |       |       ||     8
       Animate Dead      |       |       |     4 |    12 |     7 ||    23
       Recall Undead Sla |       |       |     3 |     5 |     5 ||    13
       Injury Mirror     |       |       |       |     1 |       ||     1
Evoke: Wand              |       |       |       |       |     7 ||     7
  Use: Scroll            |       |     9 |    14 |     7 |     4 ||    34
       Potion            |       |     3 |     4 |     2 |     8 ||    17
 Stab: Sleeping          |     4 |     1 |     2 |       |       ||     7
       Distracted        |     1 |       |     1 |    13 |    11 ||    26
       Confused          |       |       |       |     2 |       ||     2
       Paralysed         |       |       |       |       |     1 ||     1
  Eat: Chunk             |     1 |     8 |     3 |    11 |    10 ||    33
       Royal jelly       |       |     1 |       |       |       ||     1
       Meat ration       |       |       |     3 |     1 |     1 ||     5
       Fruit             |       |       |       |     5 |     1 ||     6
       Bread ration      |       |       |       |     1 |     2 ||     3
Armor: Robe              |     9 |       |       |       |       ||     9
       Leather armour    |    11 |       |       |       |       ||    11
       Ring mail         |       |    74 |    57 |       |       ||   131
       Plate armour      |       |       |    53 |   231 |   255 ||   539
Dodge: Dodged            |    41 |   130 |   194 |   307 |   293 ||   965
Block: Buckler           |       |       |       |       |   144 ||   144
